 Dungeon Crawl Stone Soup version 0.26-a0-946-g9485abf61d (webtiles) character file.

Game seed: 14991209808223936172

51 Descartes the Magician (level 3, -3/19 HPs)
             Began as a Deep Elf Air Elementalist on Nov 28, 2020.
             Slain by an adder (4 damage)
             ... on level 2 of the Dungeon.
             The game lasted 00:02:49 (1513 turns).

Descartes the Magician (Deep Elf Air Elementalist)  Turns: 1513, Time: 00:02:50

Health: -3/19      AC:  3    Str:  5    XL:     3   Next: 58%
Magic:  2/10       EV: 13    Int: 20    God:
Gold:   47         SH:  0    Dex: 15    Spells: 6/10 levels left

rFire    . . .     SeeInvis .   b - +1 short sword (holy)
rCold    . . .     Faith    .   (no shield)
rNeg     . . .     Spirit   .   a - +0 robe
rPois    .         Reflect  .   (no helmet)
rElec    .         Harm     .   (no cloak)
rCorr    .         Rampage  .   (no gloves)
MR       .....                  d - +0 pair of boots
Stlth    ++........             (no amulet)
HPRegen  0.06/turn              (no ring)
MPRegen  0.12/turn              (no ring)

@: lethally poisoned (-3 -> -9)
A: no striking features
a: no special abilities


You were on level 2 of the Dungeon.
You visited 1 branch of the dungeon, and saw 2 of its levels.

You collected 47 gold pieces.

Inventory:

Hand Weapons
 b - a +1 short sword of holy wrath (weapon)
Missiles
 i - 3 stones
 j - 25 sling bullets
Armour
 a - a +0 robe (worn)
 d - a +0 pair of boots (worn)
Scrolls
 f - a scroll of magic mapping {unknown}
 g - a scroll of teleportation {unknown}
 h - a scroll of remove curse {unknown}
Potions
 c - a potion of curing {unknown}
 e - a potion of haste {unknown}


   Skills:
 - Level 2.4 Dodging
 - Level 2.4 Stealth
 + Level 4.0 Spellcasting
 + Level 2.4 Conjurations
 + Level 3.6 Air Magic


You had 6 spell levels left.
You knew the following spells:

 Your Spells              Type           Power        Failure   Level
a - Shock                 Conj/Air       ###.         3%          1
b - Static Discharge      Conj/Air       ###.....     11%         3

Your spell library contained the following spells:

 Spells                   Type           Power        Failure   Level
 Swiftness                Air            ###.....     4%          2
 Airstrike                Air            ###.......   28%         4
 Lightning Bolt           Conj/Air       ###.......   71%         5


Dungeon Overview and Level Annotations

Branches:
Dungeon (2/15)

Altars:


Message History

The jackal is almost dead.
The jackal bites you. The adder barely misses you.
You hit the jackal.
You kill the jackal!
You feel sick. The adder closely misses you. The adder bites you.
You see here a jackal corpse.
You hit the adder.
The adder is moderately wounded.
The adder barely misses you. The adder bites you.
You miss the adder.
The adder is moderately wounded.
You feel sick. The adder barely misses you.
You miss the adder.
The adder is moderately wounded.
The adder bites you.
* * * LOW HITPOINT WARNING * * *
You hit the adder.
The adder is severely wounded.
The adder bites you.
You die...

# # #. .# ...
..# #..##
###...#
#...####...#
#........#..#
#####..####.##
#.S@........#
..#
#.###########
#.####.###### #
#.#.........# #
#.#.#.##.####.#
# #.........# #
###.#.##..# #
######.#.##..#
#
#...##.#.##..##


You could see an adder.

Vanquished Creatures
  An adder (D:2)
  An ooze (D:2)
  7 goblins (D:1)
  8 hobgoblins
  3 jackals (D:2)
  3 kobolds
  2 ball pythons
  4 bats (D:1)
  5 frilled lizards
  3 rats (D:1)
37 creatures vanquished.

Notes
Turn   | Place    | Note
-------+----------+-------------------------------------------
     0 | D:1      | Descartes the Deep Elf Air Elementalist began the quest for
                  | the Orb.
     0 | D:1      | Reached XP level 1. HP: 10/10 MP: 6/6
   196 | D:1      | Reached XP level 2. HP: 15/15 MP: 6/8
  1246 | D:2      | Reached XP level 3. HP: 19/19 MP: 7/10
  1295 | D:2      | Learned a level 3 spell: Static Discharge
  1506 | D:2      | Reached skill level 4 in Spellcasting
  1513 | D:2      | Slain by an adder

Illustrated notes

Levels and vault maps discovered:
D:1:      eino_arrival_cavern_a, layout_basic, lemuel_flame_loot_1
D:2:      layout_loops_ring, doesnt_xom_only_xom, minmay_misc_feat_iff,
          uniq_robin, uniq_jessica

Skill      XL: |  1  2  3 |
---------------+----------+-----
Conjurations   | 2 |  2.4
Spellcasting   | 4 |  4.0
Dodging        | |  2.4
Stealth        | |  2.4
Air Magic      | |  3.6

Action                   || total
-------------------------++-------
Melee: Short sword       ||    12
 Cast: Shock             ||    78
Armor: Robe              ||     3
Dodge: Dodged            ||    22

Table legend: (Time is in decaauts)
 A = Elapsed time spent in this place.
 B = Non-inter-level travel time spent in this place.
 C = Inter-level travel time spent in this place.
 D = Time resting spent in this place.
 E = Time spent auto-exploring this place.
 F = Levels seen in this place.
 G = Mean time per level.
                   A        B        C        D        E       F      G
               +--------+--------+--------+--------+--------+-----+--------+
         Total |   1513 |   1435 |     78 |      0 |   1280 |   2 |  756.5 |
       Dungeon |   1513 |   1435 |     78 |      0 |   1280 |   2 |  756.5 |
               +--------+--------+--------+--------+--------+-----+--------+

Top non-repeatable levels by time:
     D:1: 1242 daAuts
     D:2: 270 daAuts
